AoeStats
← schmeno

QS Arena

503227384Analyzed
4v4 RM · 1mo ago on Aug 30, 2026· 53m 14s· 8 players
Game mode
Random Map
Map size
Large (8 player)
Population
200
Speed
Normal
Resources
Standard
Victory
Conquest
Starting age
Dark Age
Ending age
Imperial Age
RankedLock teamsTeams togetherTeam positionsShared explorationLock speedFull tech treeHidden civsTurbo modeCheats
Victory
Defeat
🇺🇸 Maya · United States
1236
+10
🇺🇸 Saracens · United States
1171
+12
🇺🇸 Goths · United States
1165
+13
🇺🇸 Italians · United States
1074
+17
🇺🇸 Cumans · United States
1168
-16
🇨🇳 Burgundians · China
1068
-26
🇺🇸 Muisca · United States
1064
-12
🇨🇴 Khmer · Colombia
1053
-11
VenenoMcc
8:11 Feudal Age
13:33 Castle Age
11:47 Double-Bit Axe
11:58 Horse Collar
13:00 Gold Mining
13:05 Stone Mining
19:14 Loom
23:10 Wheelbarrow
23:51 Bow Saw
24:52 Bloodlines
25:25 Town Watch
25:43 Padded Archer Armor
25:57 Scale Barding Armor
26:45 Tusk Swords
26:51 Husbandry
27:41 Fletching
31:26 Chain Barding Armor
31:22 Leather Archer Armor
32:22 Caravan
33:46 Hand Cart
34:03 Forging
33:48 Bodkin Arrow
33:55 Scale Mail Armor
33:21 Pikeman
33:23 Elite Skirmisher
38:31 Chain Mail Armor
39:51 Iron Casting
45:15 Imperial Age
45:41 Capped Ram
46:44 Elite Battle Elephant
47:36 Light Cavalry
El Fantasma de Pancho Villa
10:50 Feudal Age
10:35 Loom
12:23 Wheelbarrow
11:54 Double-Bit Axe
19:28 Castle Age
20:47 Hand Cart
21:26 Horse Collar
21:59 Town Watch
24:17 Bow Saw
28:30 Imperial Age
26:33 Scale Barding Armor
26:38 Forging
27:23 Heavy Plow
28:16 Chain Barding Armor
29:00 Iron Casting
28:33 Town Patrol
28:56 Bloodlines
28:14 Light Cavalry
30:45 Two-Man Saw
29:39 Gold Mining
30:15 Elite Steppe Lancer
31:33 Plate Barding Armor
31:58 Blast Furnace
31:27 Hussar
32:32 Fletching
32:42 Padded Archer Armor
36:47 Bodkin Arrow
37:07 Leather Archer Armor
36:54 Scale Mail Armor
42:18 Elite Skirmisher
43:05 Thumb Ring
44:51 Ring Archer Armor
45:27 Chain Mail Armor
47:07 Chemistry
46:28 Ballistics
45:38 Crossbowman
cpt_kernel
8:18 Feudal Age
11:33 Loom
14:06 Castle Age
12:00 Double-Bit Axe
12:35 Horse Collar
15:19 Bow Saw
14:34 Pikeman
15:13 Champi Runner
16:17 Heavy Plow
17:40 Fervor
22:08 Wheelbarrow
22:35 Gold Mining
23:16 Forging
22:31 Champi Warrior
23:39 Scale Mail Armor
24:32 Squires
26:34 Hand Cart
27:24 Herbalism
28:20 Gold Shaft Mining
28:27 Masonry
30:50 Iron Casting
30:55 Chain Mail Armor
33:05 Ballistics
32:37 Fletching
32:58 Treadmill Crane
36:21 Imperial Age
33:44 Town Watch
35:40 Stone Mining
36:24 Onager
36:30 Elite Champi Warrior
37:42 Plate Mail Armor
38:16 Siege Engineers
37:44 Siege Onager
38:54 Bodkin Arrow
44:41 Bracer
45:43 Chemistry
44:40 Murder Holes
47:17 Town Patrol
会赢的
2:20 Double-Bit Axe
8:52 Feudal Age
11:09 Bow Saw
13:03 Castle Age
14:05 Gold Mining
13:56 Horse Collar
20:41 Cavalier
23:45 Wheelbarrow
26:59 Imperial Age
25:25 Hand Cart
24:55 Loom
24:57 Town Watch
25:45 Husbandry
25:52 Scale Barding Armor
25:57 Forging
25:59 Cavalier
27:13 Heavy Plow
28:11 Gold Shaft Mining
28:09 Chain Barding Armor
28:58 Iron Casting
31:11 Plate Barding Armor
31:04 Padded Archer Armor
32:34 Crop Rotation
34:31 Blast Furnace
35:02 Chemistry
33:28 Paladin
38:48 Leather Archer Armor
41:36 Fletching
42:37 Bodkin Arrow
44:16 Light Cavalry
48:04 Bracer
48:21 Elite Skirmisher
51:32 Two-Man Saw
50:54 Fortified Wall
Tired Cock
8:35 Feudal Age
12:28 Castle Age
10:52 Horse Collar
11:41 Double-Bit Axe
14:41 Bow Saw
17:30 Loom
18:27 Wheelbarrow
19:52 Heavy Plow
22:35 Fletching
22:51 Scale Barding Armor
22:49 Scale Mail Armor
23:25 Squires
24:28 Hand Cart
24:33 Anarchy
25:24 Chain Mail Armor
27:44 Forging
27:41 Pikeman
31:39 Imperial Age
32:11 Halberdier
34:27 Iron Casting
34:49 Perfusion
36:23 Blast Furnace
36:49 Conscription
36:07 Elite Huskarl
43:37 Caravan
r smothers
8:47 Feudal Age
10:09 Double-Bit Axe
12:51 Castle Age
11:17 Double-Bit Axe
11:38 Horse Collar
13:46 Bow Saw
13:08 Eagle Warrior
14:47 Squires
16:47 Scale Mail Armor
22:02 Heavy Plow
22:30 Forging
23:34 Gold Mining
23:31 Loom
25:33 Wheelbarrow
25:23 Chain Mail Armor
25:15 Town Watch
29:41 Imperial Age
28:20 Iron Casting
29:06 Hand Cart
28:52 Town Patrol
29:46 Elite Eagle Warrior
30:50 Conscription
30:40 Murder Holes
30:39 Pikeman
32:42 Two-Man Saw
32:50 Holcans
33:31 Plate Mail Armor
35:09 Blast Furnace
34:10 Arson
35:10 Halberdier
38:33 Masonry
39:25 Chemistry
38:41 Fletching
Simon Nelson Cook
7:56 Feudal Age
12:21 Castle Age
10:56 Double-Bit Axe
11:10 Loom
12:27 Horse Collar
12:57 Gold Mining
14:16 Fletching
16:21 Bow Saw
23:28 Imperial Age
21:23 Padded Archer Armor
23:04 Wheelbarrow
23:36 Bodkin Arrow
25:09 Chemistry
25:29 Bodkin Arrow
27:20 Leather Archer Armor
28:13 Murder Holes
34:33 Bracer
35:56 Elite Genoese Crossbowman
39:11 Elite Skirmisher
45:07 Ring Archer Armor
schmeno
7:57 Feudal Age
9:02 Loom
12:05 Castle Age
10:42 Double-Bit Axe
13:00 Bow Saw
12:45 Horse Collar
19:26 Wheelbarrow
19:33 Sanctity
19:41 Stone Mining
20:15 Gold Mining
21:03 Town Watch
21:37 Hand Cart
24:02 Gold Shaft Mining
28:15 Imperial Age
25:58 Forging
27:11 Fervor
27:37 Scale Barding Armor
28:39 Iron Casting
28:06 Husbandry
28:17 Bloodlines
29:19 Ballistics
28:28 Elite Mameluke
29:44 Chain Barding Armor
30:10 Herbal Medicine
30:21 Fletching
30:29 Murder Holes
32:31 Plate Barding Armor
32:27 Bimaristan
32:45 Block Printing
32:54 Bimaristan
33:16 Heavy Plow
34:19 Two-Man Saw
33:26 Light Cavalry
35:27 Chemistry
35:38 Blast Furnace
34:33 Bodkin Arrow
37:00 Siege Engineers
36:58 Bracer
39:01 Masonry
Connection lost

Rejoining the realm…

Still unreachable

The connection could not be restored.

Session expired

The server has moved on; the page needs a fresh start.